AoeStats
← Chris Becker

Arena

509678811Analyzed
4v4 RM · 5d ago on Sep 27, 2026· 36m 40s· 8 players
Game mode
Random Map
Map size
Large (8 player)
Population
200
Speed
Normal
Resources
Standard
Victory
Conquest
Starting age
Dark Age
Ending age
Imperial Age
RankedLock teamsTeams togetherTeam positionsShared explorationLock speedFull tech treeHidden civsTurbo modeCheats
Victory
Defeat
🇷🇺 Lithuanians · Russia
1749
+9
🇧🇾 Aztecs · Belarus
1643
+13
🇧🇾 Malay · Belarus
1575
+16
🇺🇦 Shu · Ukraine
1516
+18
🇩🇿 Armenians · Algeria
1693
-18
🇩🇿 Jurchens · Algeria
1588
-14
🇩🇪 Slavs · Germany
1523
-12
🇨🇴 Ethiopians · Colombia
1522
-12
Zyzz
11:21 Feudal Age
15:14 Castle Age
13:15 Horse Collar
13:58 Double-Bit Axe
15:16 Bow Saw
17:39 Wheelbarrow
20:27 Hand Cart
21:14 Heavy Plow
22:00 Gold Mining
23:36 Gold Shaft Mining
22:56 Loom
23:08 Fletching
24:30 Loom
27:27 Imperial Age
25:03 Bodkin Arrow
25:57 Ballistics
25:38 Padded Archer Armor
25:24 Crossbowman
26:58 Bracer
28:10 Chemistry
26:47 Arbalester
29:31 Thumb Ring
29:24 Stone Mining
29:36 Town Watch
30:52 Leather Archer Armor
30:45 Siege Engineers
32:47 Masonry
33:08 Ring Archer Armor
33:35 Guilds
37:16 Forging
Fox
10:20 Feudal Age
11:12 Double-Bit Axe
14:01 Castle Age
12:01 Double-Bit Axe
12:19 Horse Collar
15:28 Bow Saw
20:09 Wheelbarrow
20:48 Gold Mining
22:30 Hand Cart
23:06 Stone Mining
23:46 Loom
27:18 Imperial Age
24:50 Fletching
25:47 Heavy Plow
25:40 Stone Mining
26:26 Gold Shaft Mining
26:03 Bodkin Arrow
26:09 Padded Archer Armor
26:31 Ballistics
25:53 Treadmill Crane
27:14 Leather Archer Armor
26:49 Crossbowman
27:41 Thumb Ring
28:00 Bracer
28:31 Ring Archer Armor
29:04 Chemistry
29:20 Two-Man Saw
27:55 Arbalester
29:09 Pikeman
29:50 Squires
29:35 Arson
29:53 Scale Mail Armor
30:03 Forging
30:04 Halberdier
30:37 Town Watch
31:16 Chain Mail Armor
32:06 Bolt Magazine
32:52 Conscription
33:31 Masonry
33:26 Siege Engineers
33:16 Murder Holes
37:10 Coiled Serpent Array
DzeDanik
6:56 Loom
10:38 Feudal Age
14:23 Castle Age
12:43 Double-Bit Axe
13:21 Town Watch
16:00 Bow Saw
20:34 Wheelbarrow
21:56 Gold Mining
22:58 Hand Cart
23:33 Horse Collar
28:46 Imperial Age
26:01 Treadmill Crane
26:07 Loom
26:33 Stone Mining
27:20 Gold Shaft Mining
27:21 Scale Mail Armor
27:31 Forging
28:23 Chain Mail Armor
28:44 Fortified Wall
28:56 Onager
29:12 Capped Ram
30:29 Squires
30:35 Siege Onager
32:26 Fletching
32:47 Siege Engineers
33:03 Bodkin Arrow
33:48 Ballistics
34:28 Chemistry
34:36 Siege Ram
37:22 Conscription
[RUS-F] Dourdom
11:18 Feudal Age
12:10 Double-Bit Axe
12:13 Horse Collar
14:50 Castle Age
12:47 Horse Collar
14:58 Light Cavalry
16:06 Bow Saw
24:57 Wheelbarrow
24:08 Town Watch
26:43 Loom
29:35 Gold Mining
31:41 Hand Cart
31:55 Bloodlines
35:46 Imperial Age
33:19 Husbandry
34:28 Heavy Plow
35:02 Scale Barding Armor
35:08 Forging
36:18 Chain Barding Armor
36:38 Iron Casting
35:53 Cavalier
37:42 Plate Barding Armor
hl.exe
8:46 Feudal Age
13:26 Castle Age
11:57 Double-Bit Axe
12:44 Horse Collar
14:30 Bow Saw
17:24 Wheelbarrow
19:09 Heavy Plow
22:53 Gold Mining
24:28 Loom
29:24 Imperial Age
27:29 Padded Archer Armor
27:19 Fletching
28:14 Hand Cart
27:44 Town Watch
28:04 Scale Mail Armor
28:15 Forging
29:15 Fervor
29:26 Sanctity
28:59 Man-at-Arms
29:24 Gambesons
29:40 Squires
30:19 Chain Mail Armor
30:52 Iron Casting
29:43 Long Swordsman
30:21 Arson
30:29 Two-Handed Swordsman
31:50 Plate Mail Armor
31:23 Champion
36:54 Fortified Wall
36:55 Masonry
36:29 Treadmill Crane
Chris Becker
11:25 Feudal Age
15:46 Castle Age
14:06 Double-Bit Axe
16:44 Bow Saw
17:08 Horse Collar
22:29 Man-at-Arms
23:43 Scale Mail Armor
23:25 Long Swordsman
24:26 Squires
24:57 Chain Mail Armor
26:52 Wheelbarrow
26:58 Forging
28:40 Hand Cart
29:48 Scale Barding Armor
30:10 Heavy Plow
32:20 Ballistics
32:10 Gold Mining
36:51 Imperial Age
34:09 Loom
Jozzif
11:09 Feudal Age
12:05 Double-Bit Axe
14:56 Castle Age
12:38 Horse Collar
13:19 Gold Mining
16:02 Bow Saw
16:10 Heavy Plow
22:34 Wheelbarrow
23:38 Gold Shaft Mining
24:51 Hand Cart
25:14 Loom
29:17 Imperial Age
26:41 Fletching
26:52 Padded Archer Armor
27:33 Bodkin Arrow
28:00 Ballistics
27:21 Treadmill Crane
28:23 Leather Archer Armor
27:41 Crossbowman
27:53 Elite Skirmisher
28:33 Town Watch
28:39 Stone Mining
30:02 Bracer
30:53 Ring Archer Armor
31:25 Chemistry
30:31 Siege Engineers
29:51 Heavy Rocket Cart
32:59 Two-Man Saw
32:58 Thunderclap Bombs
33:10 Conscription
33:20 Masonry
36:12 Stone Shaft Mining
36:21 Elite Iron Pagoda
37:02 Fortified Bastions
37:10 Scale Barding Armor
Rojo, el camionero.
10:59 Feudal Age
14:33 Castle Age
13:00 Double-Bit Axe
12:56 Horse Collar
15:53 Bow Saw
17:51 Forging
18:43 Scale Mail Armor
22:16 Squires
27:04 Wheelbarrow
26:18 Loom
30:58 Imperial Age
29:50 Hand Cart
30:41 Fletching
31:50 Bodkin Arrow
31:19 Crossbowman
33:11 Chemistry
32:43 Bracer
33:28 Ballistics
33:24 Arbalester
34:11 Thumb Ring
34:53 Masonry
35:03 Padded Archer Armor
Connection lost

Rejoining the realm…

Still unreachable

The connection could not be restored.

Session expired

The server has moved on; the page needs a fresh start.